Map: Arctic Gates

Players

A.I. 1 (Elite)

  • Race: Terran Terran
  • Spawn Location: 3:00

A.I. 2 (Elite) - Winner!

  • Race: Protoss Protoss
  • Spawn Location: 9:00

VOD

Have the link to the VOD?

Description

Time

  • Played on: Aug. 20, 2017, 10:44 a.m.
  • Length: 15:25
Show
View Real Time Build Order
Export as new Build Order

A.I. 1 (Elite) Terran 

Build Orders: Mech 

Get SALT Encoding   

  12  0:01  SCV  
  13  0:13  SCV  
  14  0:20  Supply Depot  
  14  0:25  SCV  
  15  0:42  SCV  
  16  0:44  Barracks  
  16  0:54  SCV  
  17  1:06  SCV  
  18  1:18  SCV  
  19  1:20  Supply Depot  
  19  1:24  Refinery  
  19  1:30  SCV  
  19  1:31  Marine  
  21  1:42  SCV  
  22  1:48  Marine  
  22  1:49  Refinery  
  23  1:54  SCV  
  24  2:06  Marine, SCV  
  26  2:19  SCV  
  26  2:21  Factory  
  27  2:24  Marine  
  28  2:31  SCV  
  29  2:42  Marine, Factory  
  29  2:43  SCV  
  31  2:45  Supply Depot  
  31  2:55  Orbital Command  
  31  3:07  Marine, Factory Tech Lab  
  32  3:20  SCV  
  32  3:24  Marine  
  34  3:29  Factory Tech Lab, Command Center  
  34  3:33  SCV  
  35  3:45  SCV  
  36  3:57  SCV  
  37  4:09  SCV  
  38  4:11  Supply Depot  
  38  4:15  Barracks  
  38  4:21  SCV  
  39  4:32  Siege Tank  
  39  4:33  Siege Tank, SCV  
  46  4:40  SCV  
  46  4:42  Marine  
  46  4:43  Supply Depot  
  46  4:45  SCV  
  49  4:52  SCV  
  50  4:54  Supply Depot  
  50  4:57  SCV  
  51  5:04  Siege Tank, SCV  
  51  5:05  Hellion  
  57  5:09  SCV  
  58  5:16  SCV  
  58  5:18  Barracks Tech Lab  
  58  5:21  Factory, Command Center  
  59  5:26  Hellion  
  61  5:37  Siege Tank  
  61  5:42  Marauder  
  66  5:48  Hellion  
  68  5:53  Supply Depot  
  68  5:59  Starport  
  68  6:04  Marauder  
  70  6:05  Hellion  
  72  6:19  Armory  
  72  6:25  Marauder  
  74  6:33  SCV  
  74  6:34  SCV x2  
  74  6:36  Starport Tech Lab, Refinery  
  77  6:49  Refinery  
  77  6:55  Hellion  
  77  6:56  Raven  
  77  6:58  Hellion  
  77  7:00  Command Center  
  83  7:02  SCV  
  83  7:04  SCV  
  83  7:06  SCV  
  83  7:07  Terran Vehicle And Ship Armor Level 1  
  86  7:12  Armory  
  86  7:14  SCV  
  87  7:16  SCV  
  88  7:23  Siege Tank  
  88  7:25  Supply Depot  
  91  7:35  Marine, Siege Tank  
  95  7:44  Engineering Bay  
  95  7:47  Engineering Bay  
  95  7:51  Marine  
  96  7:59  Terran Vehicle Weapons Level 1  
  96  8:06  Infernal Pre-Igniter  
  96  8:07  Orbital Command x2  
  96  8:10  Terran Infantry Armor Level 1, Marauder  
  96  8:12  SCV, Supply Depot  
  99  8:13  Terran Infantry Weapons Level 1  
  99  8:14  SCV  
  100  8:22  Missile Turret  
  100  8:25  SCV  
  100  8:26  Missile Turret  
  100  8:27  SCV  
  102  8:34  Missile Turret  
  102  8:37  SCV  
  102  8:38  SCV  
  102  8:39  Planetary Fortress  
  102  8:40  SCV  
  105  8:47  Missile Turret  
  105  8:49  SCV  
  105  8:50  Cyclone  
  105  8:51  SCV  
  105  8:53  SCV  
  111  8:58  Cyclone  
  111  9:01  SCV  
  111  9:02  Hellion  
  117  9:06  SCV  
  117  9:07  SCV  
  117  9:08  Supply Depot  
  119  9:13  SCV  
  120  9:20  Marauder  
  120  9:21  Marine  
  120  9:22  Hellion, Widow Mine  
  127  9:30  Missile Turret, Medivac, Widow Mine  
  131  9:33  Supply Depot  
  129  9:38  Marine  
  129  9:42  Marauder  
  129  9:44  Hellion  
  119  9:52  Hellion  
  121  9:56  Marine  
  121  9:59  Viking, Hellion  
  121  10:03  Marauder  
  121  10:06  Siege Tank, Supply Depot, Command Center  
  128  10:13  Hellion  
  130  10:18  Terran Infantry Weapons Level 2  
  130  10:22  Terran Vehicle Weapons Level 2  
  130  10:25  Marauder  
  130  10:26  Hellion  
  134  10:33  Supply Depot  
  134  10:34  Marine  
  135  10:37  Widow Mine  
  135  10:38  Hellion  
  139  10:44  Raven, Missile Turret  
  139  10:46  Widow Mine, Marauder  
  139  10:49  Stimpack  
  145  10:51  Marine  
  145  10:55  Refinery  
  146  10:59  Supply Depot  
  146  11:01  Refinery  
  146  11:07  Marauder  
  146  11:09  Missile Turret  
  147  11:13  Barracks Reactor  
  147  11:17  Hellion  
  132  11:20  Hellion  
  132  11:24  Hellion  
  108  11:27  Medivac, Barracks  
  108  11:28  Marine  
  108  11:29  SCV  
  89  11:39  Hellion  
  84  11:41  Cyclone  
  84  11:44  SCV  
  84  11:46  Marine, Hellion  
  84  11:49  Marine x2  
  84  11:52  SCV  
  84  11:53  SCV  
  81  11:57  Command Center  
  81  12:00  Siege Tank  
  76  12:04  Marauder  
  76  12:07  Marine x2, Hellion  
  71  12:13  Marine, Widow Mine  
  71  12:15  SCV  
  68  12:16  SCV  
  68  12:19  Raven  
  68  12:22  SCV  
  65  12:23  SCV  
  65  12:24  Marine  
  65  12:25  Marine  
  65  12:26  Marauder  
  65  12:28  Hellion  
  65  12:29  SCV  
  66  12:30  SCV  
  66  12:31  Marine  
  66  12:32  Siege Tank  
  66  12:34  SCV  
  62  12:42  Marine, Hellion  
  62  12:44  Marine  
  65  12:47  Marauder  
  56  13:00  Marine  
  56  13:02  Marine  
  55  13:08  Marine  
  44  13:18  Marine  
  26  13:25  Marine  
Show
View Real Time Build Order
Export as new Build Order

A.I. 2 (Elite) Protoss - Winner!

Build Orders: Zealot Archon, Colossus Rush 

Get SALT Encoding   

  12  0:01  Probe (Chrono Boost)  
  13  0:11  Probe (Chrono Boost)  
  14  0:22  Pylon, Probe (Chrono Boost)  
  15  0:40  Probe (Chrono Boost)  
  16  0:48  Assimilator  
  16  0:51  Probe (Chrono Boost)  
  16  0:52  Gateway  
  17  1:01  Probe (Chrono Boost)  
  17  1:02  Pylon  
  18  1:12  Probe (Chrono Boost)  
  19  1:22  Probe (Chrono Boost)  
  20  1:33  Probe (Chrono Boost)  
  20  1:39  Zealot  
  21  1:41  Gateway  
  21  1:44  Cybernetics Core  
  21  1:45  Probe (Chrono Boost)  
  24  1:51  Pylon  
  24  1:56  Probe (Chrono Boost)  
  25  2:05  Zealot  
  25  2:07  Probe (Chrono Boost)  
  28  2:14  Warp Gate  
  28  2:16  Assimilator  
  28  2:18  Probe (Chrono Boost)  
  30  2:30  Adept, Probe (Chrono Boost)  
  30  2:31  Adept  
  34  2:42  Probe (Chrono Boost)  
  35  2:44  Pylon  
  35  2:53  Probe (Chrono Boost)  
  35  2:56  Sentry  
  38  3:02  Adept  
  38  3:05  Probe (Chrono Boost)  
  41  3:16  Probe (Chrono Boost)  
  42  3:26  Nexus  
  42  3:28  Probe (Chrono Boost)  
  42  3:31  Stalker  
  45  3:40  Probe (Chrono Boost)  
  46  3:48  Robotics Facility  
  46  3:52  Probe (Chrono Boost)  
  47  3:56  Pylon  
  47  4:15  Probe (Chrono Boost)  
  47  4:16  Adept  
  50  4:26  Probe (Chrono Boost)  
  51  4:31  Adept  
  51  4:37  Probe (Chrono Boost)  
  51  4:38  Adept  
  57  4:39  Probe (Chrono Boost)  
  57  4:49  Robotics Bay, Probe (Chrono Boost)  
  57  4:50  Probe (Chrono Boost)  
  57  4:52  Observer  
  61  5:00  Probe (Chrono Boost)  
  61  5:01  Probe (Chrono Boost)  
  61  5:03  Robotics Facility  
  62  5:09  Pylon  
  62  5:12  Stalker, Probe x2 (Chrono Boost)  
  66  5:16  Stalker  
  68  5:23  Probe (Chrono Boost)  
  68  5:24  Probe (Chrono Boost)  
  68  5:25  Pylon  
  70  5:32  Colossus  
  76  5:45  Stalker  
  76  5:46  Assimilator, Probe (Chrono Boost)  
  79  5:55  Twilight Council  
  79  5:57  Pylon  
  79  5:58  Assimilator  
  79  5:59  Probe (Chrono Boost)  
  80  6:07  Gateway  
  80  6:10  Probe x2 (Chrono Boost)  
  82  6:17  Pylon  
  82  6:20  Zealot  
  82  6:22  Probe x2 (Chrono Boost)  
  87  6:32  Probe (Chrono Boost)  
  87  6:34  Templar Archives  
  87  6:39  Pylon  
  87  6:42  Forge, Nexus  
  87  6:54  Forge  
  87  6:58  Stalker  
  89  7:02  Stalker  
  89  7:07  Stalker  
  93  7:13  Pylon  
  93  7:18  High Templar  
  95  7:22  Pylon  
  95  7:23  High Templar  
  95  7:27  Gateway, Stalker  
  95  7:28  Archon  
  99  7:44  Photon Cannon  
  99  7:46  Pylon  
  99  7:48  High Templar  
  99  7:49  Sentry  
  103  7:52  High Templar  
  103  7:55  Probe x2 (Chrono Boost)  
  103  7:56  Probe (Chrono Boost)  
  103  7:58  Archon  
  108  8:05  Assimilator  
  109  8:06  Pylon, Probe (Chrono Boost)  
  109  8:07  Assimilator, Probe x2 (Chrono Boost)  
  109  8:10  High Templar  
  113  8:18  Photon Cannon, Probe x2 (Chrono Boost), High Templar  
  118  8:20  Probe (Chrono Boost)  
  118  8:23  Archon  
  118  8:27  Photon Cannon  
  118  8:29  Probe (Chrono Boost)  
  118  8:30  Probe (Chrono Boost), High Templar  
  118  8:31  Probe (Chrono Boost)  
  123  8:38  Photon Cannon  
  123  8:40  Probe (Chrono Boost)  
  123  8:41  Pylon, Probe (Chrono Boost), High Templar  
  128  8:42  Probe (Chrono Boost)  
  128  8:45  Nexus, Archon  
  128  8:50  High Templar  
  128  8:51  Probe (Chrono Boost)  
  128  8:53  Probe (Chrono Boost)  
  132  8:59  High Templar  
  132  9:02  Immortal, Photon Cannon  
  134  9:07  Immortal  
  142  9:22  Pylon  
  142  9:27  Photon Cannon  
  142  9:30  Photon Cannon, Psionic Storm  
  142  9:31  Zealot  
  142  9:34  Photon Cannon  
  142  9:39  Immortal  
  142  9:40  Protoss Ground Weapons Level 1  
  142  9:44  Immortal  
  145  9:47  Protoss Ground Armor Level 1  
  145  9:49  Zealot  
  145  9:50  Zealot  
  147  9:55  Gateway  
  147  9:56  Stalker  
  147  9:59  Stalker  
  151  10:03  Pylon  
  151  10:06  Photon Cannon  
  151  10:09  Stalker  
  151  10:10  Sentry  
  155  10:14  Blink  
  155  10:17  Warp Prism  
  155  10:19  Stalker  
  159  10:22  Observer  
  159  10:24  Stalker  
  159  10:27  Nexus, Pylon  
  162  10:36  Stalker  
  162  10:37  Photon Cannon  
  164  10:42  Sentry  
  164  10:43  Observer  
  164  10:46  Gateway  
  164  10:48  Sentry  
  169  10:50  Pylon  
  169  10:52  Observer  
  170  10:59  Robotics Facility  
  170  11:01  Warp Prism  
  172  11:08  Observer Gravitic Boosters  
  172  11:09  Stargate  
  172  11:13  Zealot x2  
  172  11:14  Photon Cannon  
  172  11:15  Stalker  
  172  11:17  Pylon  
  174  11:18  Immortal  
  174  11:24  Stalker  
  164  11:26  Stalker  
  164  11:32  Adept, Stalker  
  137  11:37  Zealot  
  129  11:41  Probe (Chrono Boost), High Templar  
  130  11:47  Stalker  
  130  11:48  Stalker  
  130  11:50  Assimilator  
  130  11:51  Stalker  
  130  11:52  Pylon  
  136  11:54  Adept, Assimilator  
  136  11:56  Adept, Protoss Ground Weapons Level 2  
  140  12:01  Nexus  
  140  12:09  Sentry  
  140  12:11  Immortal  
  146  12:17  Photon Cannon  
  146  12:18  Stalker  
  146  12:21  Photon Cannon  
  146  12:22  Stalker  
  148  12:24  Pylon  
  148  12:25  Stalker  
  148  12:28  Zealot  
  152  12:31  Adept  
  152  12:32  Sentry  
  152  12:37  Observer  
  156  12:38  Gravitic Drive  
  156  12:40  Sentry  
  159  12:47  Photon Cannon, Stalker  
  159  12:49  Immortal, Zealot  
  159  12:54  Colossus  
  159  13:02  Colossus  
  169  13:21  Colossus  
  169  13:22  Pylon  
  169  13:26  Adept  
  173  13:36  Zealot  
  173  13:38  Adept  
  173  13:41  Nexus  
  177  13:43  Disruptor  
  180  13:50  Colossus  
  180  13:53  Photon Cannon  
  179  13:57  Pylon  
  185  14:10  Stalker  
  185  14:11  Disruptor  
  185  14:15  Immortal  
  194  14:26  Stalker  
  196  14:37  Assimilator  
  196  14:42  Assimilator, Stalker  
  196  14:43  Stalker  
  200  14:51  Forge  
  200  14:57  Photon Cannon  
  200  15:03  Pylon  
  200  15:04  Nexus  
Tags
 
Add a new tag
Caveats
  • Supply blocks, unpowered buildings, or Contaminate may cause inaccurate times.
  • Supply counts are checked every 10 seconds.